 Dungeon Crawl Stone Soup version 0.24.0-123-gd5b16e6ec5 (webtiles) character file.

Game seed: 10936376008722425067, levelgen mode: deterministic

373 Bluestream the Chopper (level 6, -11/58 HPs)
             Began as a Hill Orc Fighter on Feb 5, 2020.
             Mangled by an ogre
             ... wielding a +0 giant club
              (20 damage)
             ... on level 4 of the Dungeon on Feb 6, 2020.
             The game lasted 00:08:43 (3540 turns).

Bluestream the Chopper (Hill Orc Fighter)           Turns: 3540, Time: 00:08:44

Health: -11/58     AC:  6    Str: 21    XL:     6   Next: 71%
Magic:  6/6        EV:  7    Int:  8    God:
Gold:   118        SH:  0    Dex: 10    Spells: 5/5 levels left

rFire    . . .     SeeInvis .   a - +0 war axe
rCold    . . .     Gourm    .   c - +0 shield
rNeg     . . .     Faith    .   b - +0 scale mail
rPois    .         Spirit   .   (no helmet)
rElec    .         Reflect  .   (no cloak)
rCorr    .         Harm     .   (no gloves)
MR       .....                  (no boots)
Stlth    ..........             (no amulet)
HPRegen  0.19/turn              (no ring)
MPRegen  0.10/turn              (no ring)

@: confused
A: no striking features
a: no special abilities


You were on level 4 of the Dungeon.
You were very hungry.

You visited 1 branch of the dungeon, and saw 4 of its levels.

You collected 118 gold pieces.

Inventory:

Hand Weapons
 a - a +0 war axe (weapon)
Armour
 b - a +0 scale mail (worn)
 c - a +0 shield (worn)
 t - a +1 helmet
Wands
 p - a wand of flame (25)
Scrolls
 h - 3 scrolls of remove curse {unknown}
 i - 2 scrolls of enchant armour {unknown}
 j - 4 scrolls of teleportation {unknown}
 k - 2 scrolls of fear {unknown}
 l - 4 scrolls of enchant weapon {unknown}
 m - 4 scrolls of identify {unknown}
 n - 3 scrolls of magic mapping {unknown}
Potions
 d - a potion of might
 e - a potion of lignification {unknown}
 g - 2 potions of flight {unknown}
 o - a potion of agility
 q - a potion of mutation {unknown}
 r - a potion of ambrosia {unknown}
 s - a potion of heal wounds {unknown}
Comestibles
 f - 4 rations


   Skills:
 + Level 6.7 Fighting
 + Level 6.7 Axes
 - Level 3.2 Armour
 - Level 3.2 Shields


You had 5 spell levels left.
You didn't know any spells.
Your spell library was empty.

Dungeon Overview and Level Annotations

Branches:
Dungeon (4/15)
 Temple: D:4-7

Altars:
Nemelex Xobeh
Zin


Message History

You are confused.
The orc priest hits you but does no damage.
The orc throws a stone.
The stone hits you but does no damage. The ogre barely misses you.
Something hits you but does no damage.
You bump into the rock wall.
The orc priest barely misses you.
The orc throws a stone.
The stone closely misses you.
You hear some strange, mumbled words.
A puff of flame appears from out of thin air!
The puff of flame hits you.
You slash the orc priest!
You kill the orc priest!
You hit the ogre but do no damage. You completely miss something.
The ogre completely misses you.
The orc throws a stone.
The stone barely misses you. Something hits you but does no damage.
You bump into the rock wall.
The ogre hits you with a +0 giant club!
* * * LOW HITPOINT WARNING * * *
The orc throws a stone.
The stone hits you but does no damage. Something hits you but does no damage.
The ogre hits you with a +0 giant club!!
You die...

.....#..#..........
.....#..##........##
...#....#..........#
#..?....#......|...#
#
...................##
#
....#..............##
#
..#.................#
##
..........oO{.....#
#.
......#....@(....##
#.
......###..##(...##
##. ......
#..#####..########..
O.... #...
##.....##...# .....
##... ##..........
##..# #...........
..# #...........
#...........
##..........


You could see an ogre and an orc.

Vanquished Creatures
  A scorpion (D:4)
  2 orc priests
  Ijyb (D:3)
  An orc wizard (D:2)
  Robin (D:2)
  9 adders
  An ooze (D:1)
  4 worms
  A dart slug (D:3)
  2 leopard geckos
  4 orcs
  3 ball pythons
  12 bats
  A giant cockroach (D:3)
  17 goblins
  6 hobgoblins
  6 jackals (D:1)
  15 kobolds
  5 frilled lizards
  6 rats
98 creatures vanquished.

Notes
Turn   | Place    | Note
-------+----------+-------------------------------------------
     0 | D:1      | Bluestream the Hill Orc Fighter began the quest for the
                  | Orb.
     0 | D:1      | Reached XP level 1. HP: 19/19 MP: 1/1
    25 | D:1      | Reached XP level 2. HP: 25/27 MP: 2/2
   246 | D:1      | Reached XP level 3. HP: 34/34 MP: 3/3
  1327 | D:2      | Reached XP level 4. HP: 34/41 MP: 4/4
  1357 | D:2      | Reached skill level 5 in Fighting
  1379 | D:2      | HP: 2/42 [orc priest/divine providence (11)]
  1387 | D:2      | Reached skill level 5 in Axes
  1387 | D:2      | Reached XP level 5. HP: 4/48 MP: 5/5
  1775 | D:2      | Found a sparkling altar of Nemelex Xobeh.
  2001 | D:2      | Noticed Robin
  2014 | D:2      | Killed Robin
  2113 | D:2      | Found a glowing silver altar of Zin.
  2272 | D:3      | Reached XP level 6. HP: 49/57 MP: 6/6
  2776 | D:3      | Noticed Ijyb
  2798 | D:3      | Killed Ijyb
  3540 | D:4      | Mangled by an ogre

Levels and vault maps discovered:
D:1:      scummos_arrival_forest, layout_basic, chequers_big_river,
          hangedman_decor_push
D:2:      layout_loops_ring, lemuel_doored_altar,
          nemelex_xobeh_ov_fountains_minmay, minmay_pentomino_q2, uniq_robin
D:3:      layout_loops_ring, first_ration, grunt_ministairs_13,
          minmay_strange_pillars, uniq_ijyb
D:4:      layout_rooms, nzn_random_ring

Skill      XL: |  1  2  3  4  5  6 |
---------------+-------------------+-----
Axes           | 3 4 5 6 |  6.7
Fighting       | 4 5 6 |  6.7
Armour         | |  3.2
Shields        | |  3.2

Action                   |  1- 3 |  4- 6 || total
-------------------------+-------+-------++-------
Melee: War axe           |   121 |   230 ||   351
  Eat: Chunk             |       |     8 ||     8
Armor: Scale mail        |    57 |   107 ||   164
Dodge: Dodged            |    38 |    75 ||   113
Block: Shield            |    58 |   119 ||   177
